 Dungeon Crawl Stone Soup version 0.30-a0-782-ge64f9170bb (webtiles) character file.

Game seed: 8951146569453211138

10 theswoord the Shooter (level 2, -2/16 HPs)
             Began as a Deep Elf Hunter on Feb 23, 2023.
             Slain by a jackal (3 damage)
             ... on level 1 of the Dungeon.
             The game lasted 00:00:23 (80 turns).

theswoord the Shooter (Deep Elf Hunter)               Turns: 80, Time: 00:00:23

Health: -2/16      AC:  3    Str:  8    XL:     2   Next: 10%
Magic:  4/4        EV: 12    Int: 13    God:
Gold:   0          SH:  0    Dex: 18    Spells: 1/1 levels left

rFire   . . .      SeeInvis .    a - +0 shortbow
rCold   . . .      Faith    .    (shield currently unavailable)
rNeg    . . .      Spirit   .    c - +0 leather armour
rPois   .          Reflect  .    (no helmet)
rElec   .          Harm     .    (no cloak)
rCorr   .          Rampage  .    (no gloves)
Will    .....                    (no boots)
Stlth   ++                       (no amulet)
HPRegen 0.22/turn                (no ring)
MPRegen 0.09/turn                (no ring)

@: no status effects
A: no striking features
a: no special abilities


You were on level 1 of the Dungeon.
You visited 1 branch of the dungeon, and saw 1 of its levels.

Inventory:

Hand Weapons
 a - a +0 shortbow (weapon)
Armour
 c - a +0 leather armour (worn)
Scrolls
 b - a scroll of immolation


   Skills:
 - Level 1.5 Fighting
 + Level 6.0 Ranged Weapons
 - Level 2.4 Dodging
 - Level 1.2 Stealth


You had one spell level left.
You didn't know any spells.
Your spell library was empty.

Dungeon Overview and Level Annotations

Branches:
Dungeon (1/15)

Altars:


Message History

The ball python constricts you.
You shoot an arrow. The arrow hits the ball python.
You kill the ball python!
The jackal barely misses you.
The jackal bites you but does no damage.
Your Ranged Weapons skill increases to level 6!
You shoot an arrow.
The arrow hits the jackal but does no damage.
The jackal misses you. The jackal barely misses you.
You shoot an arrow. The arrow hits the jackal.
The jackal bites you but does no damage.
The jackal bites you. The jackal closely misses you.
You shoot an arrow. The arrow closely misses the jackal.
The jackal bites you.
* * * LOW HITPOINT WARNING * * *
The jackal barely misses you. The jackal closely misses you.
The jackal bites you.
* * * LOW HITPOINT WARNING * * *
You shoot an arrow. The arrow hits the jackal.
The jackal closely misses you. The jackal barely misses you.
The jackal bites you.
* * * LOW HITPOINT WARNING * * *
A hobgoblin comes into view.
You shoot an arrow. The hobgoblin shouts!
The arrow hits the jackal.
The jackal closely misses you. The jackal misses you.
The jackal bites you but does no damage.
The jackal bites you.
* * * LOW HITPOINT WARNING * * *
The jackal attacks as you move away! The jackal bites you.
* * * LOW HITPOINT WARNING * * *
Things that are here:
16 gold pieces; a ball python corpse You aren't carrying any potions.
Okay, then.
You shoot an arrow. The arrow hits the jackal!
You kill the jackal!
You shoot an arrow. The arrow barely misses the jackal.
The jackal bites you.
* * * LOW HITPOINT WARNING * * *
The jackal bites you.
You die...

### ## .### #.. .....#
#######.####..#.# ###
#.............#.# ..
#.#####'#####.#.# .#
#.#PPP#.#PPP#.#.##.##
#.#P⌠P#.#P⌠P#...@h).#
#.#PPP#.#PPP#.#.###.)....
#.#####.#####...# .....
..+....<....'..## .)#.
..#####.#####.## ...
..#PPP#.#PPP#.# g.
..#P⌠P#.#P⌠P#.# .
..#PPP#.#PPP#.#####.#
..#####+#####........


You could see a jackal.

Vanquished Creatures
  An endoplasm (D:1)
  3 goblins (D:1)
  A jackal (D:1)
  2 kobolds (D:1)
  A ball python (D:1)
  2 rats (D:1)
10 creatures vanquished.

Notes
Turn   | Place    | Note
-------+----------+-------------------------------------------
     0 | D:1      | theswoord the Deep Elf Hunter began the quest for the Orb.
     0 | D:1      | Reached XP level 1. HP: 12/12 MP: 3/3
    52 | D:1      | Reached XP level 2. HP: 8/16 MP: 4/4
    73 | D:1      | Reached skill level 6 in Ranged Weapons
    80 | D:1      | Slain by a jackal

Skill      XL: |  1  2 |
---------------+-------+-----
Ranged Weapons | 6 |  6.0
Fighting       | |  1.5
Dodging        | |  2.4
Stealth        | |  1.2

Action                     || total
---------------------------++-------
   Fire: Shortbow          ||    35
    Use: Scroll            ||     1
 Armour: Leather armour    ||    12
  Dodge: Dodged            ||    21

Levels and vault maps discovered:
D:1:      beargit_arrival_greenhouse, layout_loops_ring,
          minmay_misc_feat_plants, minmay_quantized
